 Dungeon Crawl Stone Soup version 0.31-a0-175-g9f7f995f2b (webtiles) character file.

Game seed: 15614871747710840768

1746 qw the Cleaver (level 9, -6/56 HPs)
             Began as a Gargoyle Fighter on June 16, 2023.
             Mangled by an ogre
             ... wielding a +0 giant club
              (10 damage)
             ... on level 6 of the Dungeon.
             The game lasted 00:02:08 (5079 turns).

qw the Cleaver (Gargoyle Fighter)                   Turns: 5079, Time: 00:02:09

Health: -6/56      AC: 15    Str: 24    XL:     9   Next: 6%
Magic:  9/9        EV: 10    Int:  9    God:
Gold:   222        SH:  4    Dex:  9    Spells: 8/8 levels left

rFire   . . .        Y - +0 war axe (venom)
rCold   . . .        c - +0 buckler
rNeg    + . .        b - +0 scale mail
rPois   inf          (helmet restricted)
rElec   +            (no cloak)
rCorr   +            e - +1 pair of gloves
SInv    .            (no boots)
Will    +....        (no amulet) Stlth
                     i - ring of willpower
HPRegen 0.29/turn    h - ring of resist corrosion
MPRegen 0.11/turn

%: no passive effects
@: about to teleport
A: sickness immunity, AC +6, negative energy resistance 1, electricity
resistance, torment resistance 1, petrification resistance, horns 1, sturdy
frame 1
a: no special abilities


You were on level 6 of the Dungeon.
You visited 1 branch of the dungeon, and saw 6 of its levels.

You collected 222 gold pieces.


Innate Abilities, Weirdness & Mutations

You are immune to sickness and miasma.
Your stone body is resilient. (AC +6)
You are immune to poison.
You resist negative energy. (rN+)
You are resistant to electric shocks. (rElec)
You are resistant to unholy torment.
You are immune to petrification.
You have a pair of small horns on your head.
Your movements are slightly less encumbered by armour. (ER -2)


   Skills:
 - Level 6.3 Fighting
 - Level 9.0 Axes
 - Level 2.0 Throwing
 - Level 3.2 Armour
 - Level 1.3 Dodging
 + Level 3.2 Shields


You had 8 spell levels left.
You didn't know any spells.
Your spell library was empty.

Inventory:

Hand Weapons
 k - a +0 mace
 Y - a +0 war axe of venom (weapon)
Missiles
 f - 6 javelins (quivered)
Armour
 b - a +0 scale mail (worn)
 c - a +0 buckler (worn)
 e - a +1 pair of gloves (worn)
Jewellery
 h - a ring of resist corrosion (right hand)
 i - a ring of willpower (left hand)
Scrolls
 a - a scroll of identify
Potions
 d - 3 potions of might
 j - a potion of haste
 l - a potion of curing
 m - a potion of magic
 o - a potion of lignification

Dungeon Overview and Level Annotations

Branches:
Dungeon (6/15)
 Temple: D:4-7

Altars:
Ru


Message History

You hit the centaur.
The centaur is poisoned.
The ice beast hits you but does no damage.
The centaur unwields a +0 shortbow.
The centaur misses you. The centaur closely misses you.
You slash the centaur!
You kill the centaur!
You hit the ice beast but do no damage. The ice beast hits you.
The ice beast freezes you!
You have reached level 9!
Your experience leads to an increase in your attributes!
Increase (S)trength, (I)ntelligence, or (D)exterity?
You feel stronger. x2
5068 ||| READING 2 scrolls of teleportation.
As you read the scroll of teleportation, it crumbles to dust.
You feel strangely unstable.
The ice beast hits you but does no damage.
You closely miss the ice beast.
You headbutt the ice beast, but do no damage.
The ice beast is heavily wounded.
You slash the ice beast!
The ice beast is almost dead.
Your extra speed is starting to run out.
You kill the ice beast!
Your Axes skill increases to level 9!
You start resting.
Your surroundings suddenly seem different.
An ogre comes into view. It is wielding a +0 giant club.
Found a scroll of amnesia and 6 stones.
The ogre shouts!
You throw a javelin. The javelin barely misses the ogre.
You throw a javelin. The javelin pierces through the ogre.
The ogre is moderately wounded.
You feel yourself slow down.
5078 ||| READING scroll of teleportation.
As you read the scroll of teleportation, it crumbles to dust.
You feel strangely unstable.
You hit the ogre.
The ogre is poisoned.
The ogre is heavily wounded.
The ogre hits you with a +0 giant club!
You die...

##########
.........#
(?....O@.#
.........#
.........#
.....(...#
..........
#+###......
#......
.....##.


You could see an ogre (very poisoned).

Vanquished Creatures
  Pikel (D:5)
  Eustachio (D:4)
  Menkaure (D:4)
  A water moccasin (D:5)
  2 ice beasts
  An ogre (D:5)
  A centaur (D:6)
  2 scorpions
  A howler monkey (D:4)
  A jelly (D:5)
  A hound (D:5)
  An orc priest (D:3)
  2 sleepcaps (D:5)
  Ijyb (D:4)
  4 iguanas
  7 adders
  A gnoll (D:1)
  An ufetubus (D:5)
  A worm (D:5)
  3 dart slugs
  6 orcs
  5 endoplasms
  6 giant cockroaches
  11 goblins
  5 hobgoblins
  4 jackals (D:2)
  6 kobolds
  5 quokkas
  6 ball pythons
  4 bats
  7 frilled lizards
  7 rats
106 creatures vanquished.

Notes
Turn   | Place    | Note
-------+----------+-------------------------------------------
     0 | D:1      | qw the Gargoyle Fighter began the quest for the Orb.
     0 | D:1      | Reached XP level 1. HP: 14/14 MP: 1/1
     0 | D:1      | 0 ||| qw: Version: 0.2-a-29-g511e9b1
     0 | D:1      | 0 ||| qw: Game counter: 34
     0 | D:1      | 0 ||| qw: Always use a shield: true
     0 | D:1      | 0 ||| qw: God list: Okawaru
     0 | D:1      | 0 ||| qw: Allow faded altars: false
     0 | D:1      | 0 ||| qw: Do Orc after D:15 true
     0 | D:1      | 0 ||| qw: Do second Lair branch before Depths: true
     0 | D:1      | 0 ||| qw: Lair rune preference: random
     0 | D:1      | 0 ||| qw: Plans: Normal, Zot:1-4, Slime:5, God:TSO, Crypt,
                  | Tomb, Abyss, Pan, Hells, Win
     0 | D:1      | 0 ||| PLANNING D:1-11
    39 | D:1      | Reached skill level 2 in Axes
    69 | D:1      | Reached XP level 2. HP: 19/19 MP: 2/2
   290 | D:1      | 290 ||| FLEEEEING.
   291 | D:1      | 291 ||| FLEEEEING.
   292 | D:1      | 292 ||| FLEEEEING.
   293 | D:1      | 293 ||| FLEEEEING.
   294 | D:1      | 294 ||| FLEEEEING.
   295 | D:1      | 295 ||| FLEEEEING.
   296 | D:1      | 296 ||| FLEEEEING.
   503 | D:1      | Reached skill level 3 in Axes
   503 | D:1      | Reached XP level 3. HP: 14/23 MP: 3/3
   709 | D:1      | Found a faded altar of an unknown god.
   713 | D:1      | 713 ||| Stepping ~*~*~tactically~*~*~ (hiding).
  1058 | D:1      | 1058 ||| UPGRADING to ring of willpower.
  1059 | D:1      | 1059 ||| READING 4 scrolls labelled GUOCIP FEORA.
  1060 | D:1      | 1060 ||| READING scroll labelled MOL NIHUSEHENE.
  1065 | D:1      | 1065 ||| READING scroll labelled IMAHYCOTOL.
  1066 | D:1      | 1066 ||| READING 2 scrolls labelled RYEPERIMUY.
  1067 | D:1      | 1067 ||| READING scroll labelled DIOMPOCOHE.
  1068 | D:1      | 1068 ||| READING scroll labelled WUEGRO WEIKHORGH.
  1069 | D:1      | 1069 ||| DRINKING 2 metallic cyan potions.
  1116 | D:1      | 1116 ||| READING 3 scrolls of identify.
  1116 | D:1      | 1116 ||| IDENTIFYING lumpy sapphire potion
  1117 | D:1      | 1117 ||| READING 2 scrolls of identify.
  1117 | D:1      | 1117 ||| IDENTIFYING fizzy ruby potion
  1118 | D:1      | 1118 ||| DROPPING potion of degeneration.
  1119 | D:1      | 1119 ||| DROPPING scroll of blinking.
  1250 | D:2      | 1250 ||| Stepping ~*~*~tactically~*~*~ (stealth).
  1259 | D:2      | Reached XP level 4. HP: 28/28 MP: 4/4
  1287 | D:2      | 1287 ||| Stepping ~*~*~tactically~*~*~ (stealth).
  1295 | D:2      | Reached skill level 4 in Axes
  1304 | D:2      | 1304 ||| Stepping ~*~*~tactically~*~*~ (stealth).
  1305 | D:2      | 1305 ||| Stepping ~*~*~tactically~*~*~ (stealth).
  1332 | D:2      | 1332 ||| Stepping ~*~*~tactically~*~*~ (stealth).
  1337 | D:2      | 1337 ||| Stepping ~*~*~tactically~*~*~ (stealth).
  1487 | D:2      | 1487 ||| Stepping ~*~*~tactically~*~*~ (hiding).
  1724 | D:2      | 1724 ||| DROPPING +0 club.
  1899 | D:2      | 1899 ||| READING scroll labelled OTAMIU NOYNTIOX.
  1982 | D:2      | 1982 ||| Stepping ~*~*~tactically~*~*~ (stealth).
  1983 | D:2      | 1983 ||| READING 2 scrolls labelled BOJUTZ FOUVVUFF.
  1984 | D:2      | 1984 ||| READING scroll labelled TYOSEN OSA.
  1985 | D:2      | 1985 ||| DRINKING 2 lumpy ruby potions.
  2090 | D:2      | 2090 ||| DROPPING potion of berserk rage.
  2091 | D:2      | 2091 ||| DROPPING scroll of poison.
  2175 | D:3      | Reached XP level 5. HP: 32/32 MP: 5/5
  2737 | D:3      | Reached skill level 1 in Throwing
  2871 | D:3      | Reached skill level 5 in Axes
  3063 | D:3      | 3063 ||| READING scroll labelled MYLAOPAEFE.
  3064 | D:3      | 3064 ||| READING 2 scrolls of identify.
  3064 | D:3      | 3064 ||| IDENTIFYING blue potion
  3238 | D:4      | Noticed Eustachio
  3245 | D:4      | Reached XP level 6. HP: 38/38 MP: 6/6
  3258 | D:4      | Killed Eustachio
  3493 | D:4      | Reached skill level 1 in Dodging
  3587 | D:4      | Noticed Menkaure
  3588 | D:4      | 3588 ||| Stepping ~*~*~tactically~*~*~ (hiding).
  3601 | D:4      | Killed Menkaure
  3602 | D:4      | Reached XP level 7. HP: 15/44 MP: 7/7
  3735 | D:4      | 3735 ||| Stepping ~*~*~tactically~*~*~ (hiding).
  3759 | D:4      | Noticed Ijyb
  3769 | D:4      | Killed Ijyb
  4098 | D:4      | 4098 ||| UPGRADING to +1 pair of gloves.
  4161 | D:5      | Entered Level 5 of the Dungeon
  4174 | D:5      | Reached skill level 6 in Axes
  4295 | D:5      | Noticed Pikel
  4303 | D:5      | Killed Pikel
  4304 | D:5      | Reached skill level 8 in Axes
  4304 | D:5      | Reached XP level 8. HP: 24/49 MP: 8/8
  4444 | D:5      | 4444 ||| Stepping ~*~*~tactically~*~*~ (stealth).
  4562 | D:5      | Reached skill level 6 in Fighting
  4659 | D:5      | Found a sacrificial altar of Ru.
  5018 | D:5      | 5018 ||| UPGRADING to ring of resist corrosion.
  5019 | D:5      | 5019 ||| DRINKING 2 cyan potions.
  5019 | D:5      | Gained mutation: You occasionally lose the ability to drink
                  | potions when taking damage. [potion of mutation]
  5019 | D:5      | Gained mutation: You are partially covered in iridescent
                  | scales. (AC +2) [potion of mutation]
  5020 | D:5      | 5020 ||| DRINKING potion of mutation.
  5020 | D:5      | Lost mutation: You are partially covered in iridescent
                  | scales. (AC +2) [potion of mutation]
  5020 | D:5      | Lost mutation: You occasionally lose the ability to drink
                  | potions when taking damage. [potion of mutation]
  5020 | D:5      | Gained mutation: Your movements are slightly less
                  | encumbered by armour. (ER -2) [potion of mutation]
  5020 | D:5      | Gained mutation: You have a pair of small horns on your
                  | head. [potion of mutation]
  5021 | D:5      | 5021 ||| DRINKING 2 golden potions.
  5059 | D:6      | 5059 ||| PLANNING SEWER
  5067 | D:6      | HP: 2/52 [ice beast (13)]
  5068 | D:6      | Reached XP level 9. HP: 2/56 MP: 9/9
  5068 | D:6      | 5068 ||| READING 2 scrolls of teleportation.
  5071 | D:6      | Reached skill level 9 in Axes
  5078 | D:6      | 5078 ||| READING scroll of teleportation.
  5079 | D:6      | Mangled by an ogre

Levels and vault maps discovered:
D:1:      lightli_arrival_statue_moat, layout_loops_ring,
          hellmonk_ecumenical_altar_lost_god, minmay_tripent
D:2:      layout_loops_cross, kennysheep_generic_room_9
D:3:      layout_basic
D:4:      layout_loops_corners, uniq_menkaure, uniq_eustachio, uniq_ijyb
D:5:      layout_gridville, nicolae_ru_awakened_eye, minmay_misc_feat_rugged,
          uniq_pikel
D:6:      layout_gridville, cheibrodos_sewer_entry_sluice,
          dreamdust_princess_corridor, amethyst_killhole

Skill      XL: |  1  2  3  4  5  6  7  8  9 |
---------------+----------------------------+-----
Axes           | 2 3 4 5 8 9 |  9.0
Throwing       | 1 2 |  2.0
Fighting       | 5 6 |  6.3
Dodging        | 1 |  1.3
Armour         | |  3.2
Shields        | |  3.2

Action                     |  1- 3 |  4- 6 |  7- 9 || total
---------------------------+-------+-------+-------++-------
  Melee: War axe           |   126 |   122 |    78 ||   326
         Headbutt          |       |       |     1 ||     1
  Throw: Javelin           |       |    19 |    38 ||    57
    Use: Scroll            |     8 |     5 |     2 ||    15
         Potion            |     1 |     1 |     3 ||     5
 Armour: Scale mail        |    59 |    67 |    35 ||   161
  Dodge: Dodged            |    57 |    49 |    22 ||   128
  Block: Buckler           |    21 |    14 |    10 ||    45

Table legend:
 A = Non-vault XP
 B = Vault XP
 C = Vault XP percentage of total XP
 D = Non-vault monster count
 E = Vault monster count
 F = Vault count percentage of total count
                 A         B        C        D         E       F
            +---------+---------+-------+---------+---------+-------
      Total |    1479 |    1016 |  40.7 |      99 |       7 |   6.6
            +---------+---------+-------+---------+---------+-------
        D:1 |      51 |       2 |   3.8 |      24 |       2 |   7.7
        D:2 |     104 |       2 |   1.9 |      26 |       1 |   3.7
        D:3 |     102 |       0 |   0.0 |      19 |       0 |   0.0
        D:4 |     226 |     395 |  63.6 |      13 |       3 |  18.8
        D:5 |     751 |     617 |  45.1 |      15 |       1 |   6.2
        D:6 |     245 |       0 |   0.0 |       2 |       0 |   0.0
            +---------+---------+-------+---------+---------+-------
